Map: Odyssey LE

Players

LiquidSnute (Snute)

  • Race: Zerg Zerg
  • League: Master
  • Spawn Location: 11:00

Zanster - Winner!

  • Race: Zerg Zerg
  • League: Master
  • Spawn Location: 5:00

Event: HomeStory Cup XVI

VOD

Have the link to the VOD?

Description

Time

  • Played on: Nov. 9, 2017, 11:28 a.m.
  • Length: 15:07

All games in this series

Show
View Real Time Build Order
Export as new Build Order

LiquidSnute Zerg 

Build Orders: Hatch First 

Get SALT Encoding   

  12  0:00  Drone  
  13  0:12  Overlord  
  13  0:16  Drone  
  14  0:30  Drone x2  
  14  0:34  Drone  
  17  0:51  Hatchery  
  17  0:54  Drone  
  17  0:58  Drone  
  17  0:59  Extractor  
  17  1:13  Spawning Pool  
  17  1:16  Drone  
  17  1:20  Drone  
  18  1:28  Drone  
  19  1:38  Overlord  
  19  1:49  Drone  
  20  2:00  Queen, Metabolic Boost  
  22  2:03  Queen  
  22  2:04  Zergling x2  
  22  2:07  Zergling x2  
  26  2:10  Zergling x2  
  26  2:15  Drone  
  28  2:22  Zergling x2  
  29  2:25  Drone  
  30  2:35  Zergling x2  
  30  2:36  Drone  
  32  2:42  Drone  
  33  2:46  Drone  
  33  2:50  Hatchery  
  33  2:54  Zergling x2  
  33  2:56  Baneling Nest  
  33  2:59  Overlord  
  33  3:04  Drone  
  34  3:08  Drone x2  
  36  3:14  Overlord  
  36  3:17  Zergling x2  
  36  3:18  Zergling x2  
  38  3:23  Zergling x4  
  38  3:29  Zergling x2  
  38  3:30  Zergling x4  
  41  3:37  Drone  
  41  3:40  Baneling x2  
  42  3:44  Baneling x2  
  42  3:48  Zergling x10  
  46  3:51  Drone  
  46  3:52  Drone  
  49  3:57  Baneling x2  
  48  4:06  Drone x3  
  51  4:13  Zergling x2  
  51  4:14  Zergling x4  
  54  4:20  Drone x3  
  57  4:24  Baneling  
  57  4:25  Overlord  
  57  4:26  Drone  
  57  4:27  Overlord  
  56  4:33  Zergling x2  
  56  4:34  Zergling x4  
  49  4:40  Zergling x6  
  47  4:45  Zergling x2  
  47  4:46  Zergling x4  
  49  4:54  Zergling x2  
  49  4:55  Zergling x4  
  49  4:58  Zergling x2  
  50  5:05  Zergling x4  
  52  5:09  Zergling x2  
  52  5:10  Zergling x8  
  56  5:15  Roach Warren  
  56  5:16  Queen  
  48  5:36  Zergling x14  
  48  5:41  Zergling x2  
  50  5:45  Zergling x2  
  50  5:46  Drone  
  50  5:47  Drone x2  
  50  5:56  Zergling x4  
  50  5:57  Zergling x2  
  50  5:59  Baneling x2  
  50  6:00  Baneling x2  
  50  6:01  Drone  
  50  6:03  Queen  
  53  6:12  Drone x3  
  53  6:13  Drone  
  53  6:17  Zergling x2  
  57  6:25  Zergling x6  
  58  6:32  Zergling x2  
  48  6:34  Zergling x10  
  48  6:35  Zergling x2  
  48  6:38  Zergling x2  
  52  6:44  Drone  
  52  6:45  Baneling x2  
  52  6:46  Drone  
  52  6:47  Drone  
  54  6:53  Zergling x2  
  54  6:54  Baneling  
  54  6:55  Overlord  
  54  7:03  Zergling x2  
  54  7:04  Baneling, Zergling x2  
  55  7:10  Baneling  
  55  7:12  Zergling x2  
  55  7:13  Zergling x8  
  57  7:16  Zergling x2  
  57  7:18  Queen x2  
  58  7:38  Roach x6  
  58  7:43  Baneling x2  
  70  7:46  Roach x2  
  70  7:50  Roach x2  
  70  7:51  Roach x2  
  82  7:58  Overlord  
  82  8:04  Overlord  
  81  8:18  Roach x4  
  81  8:23  Roach  
  81  8:29  Drone x12  
  85  8:35  Overlord  
  85  8:38  Drone x2  
  86  8:43  Drone  
  86  8:45  Extractor  
  86  8:46  Extractor  
  86  8:47  Evolution Chamber  
  84  8:49  Zergling x2  
  84  8:50  Zergling x2  
  84  8:54  Zergling x2  
  87  8:56  Queen  
  87  8:57  Roach  
  87  9:01  Roach  
  93  9:09  Baneling x3  
  93  9:13  Overlord x2  
  93  9:16  Overlord  
  93  9:17  Overlord  
  92  9:21  Drone x2  
  92  9:22  Drone x4  
  78  9:30  Drone x4  
  76  9:32  Drone  
  77  9:39  Zerg Missile Weapons Level 1  
  77  9:41  Drone  
  77  9:42  Drone x2  
  80  9:48  Drone x2  
  80  9:49  Drone  
  80  9:52  Lair  
  83  9:54  Ravager  
  84  10:00  Roach x3  
  90  10:09  Roach  
  90  10:10  Roach x3  
  90  10:12  Overlord  
  98  10:20  Hatchery  
  97  10:30  Zergling x18  
  106  10:42  Zergling x2  
  107  10:43  Zergling x12  
  107  10:46  Ravager  
  107  10:47  Ravager  
  115  10:52  Zergling x2  
  115  10:55  Ravager  
  115  10:56  Roach  
  115  10:57  Roach  
  118  10:58  Glial Reconstitution  
  118  11:02  Roach x2, Extractor  
  118  11:03  Zergling x12  
  118  11:04  Zergling x4  
  129  11:10  Roach x2  
  133  11:15  Roach  
  135  11:28  Roach  
  135  11:29  Overlord x2  
  135  11:32  Overlord  
  137  11:45  Overlord  
  137  11:46  Roach x3  
  143  11:47  Extractor  
  141  11:55  Roach x4  
  141  11:56  Roach x3  
  143  12:03  Roach x2  
  143  12:04  Zergling x2  
  143  12:05  Zergling x14  
  131  12:12  Roach  
  131  12:13  Roach  
  128  12:16  Roach  
  119  12:26  Roach x2  
  94  12:30  Zergling x2  
  94  12:31  Zergling x16  
  90  12:41  Roach x4  
  91  12:51  Roach x4  
  99  12:56  Queen  
  101  13:01  Roach x3  
  101  13:02  Queen  
  107  13:06  Spore Crawler x2  
  107  13:10  Spore Crawler  
  104  13:16  Drone x5  
  89  13:31  Roach x4  
  89  13:32  Roach x2  
  82  13:38  Queen  
  75  13:43  Roach x2  
  75  13:47  Roach  
  81  13:49  Queen  
  81  13:53  Drone x4  
  85  14:04  Roach x2  
  85  14:05  Queen x2  
  93  14:15  Roach  
  95  14:20  Queen  
  93  14:24  Queen  
  93  14:25  Roach  
  93  14:26  Roach  
Show
View Real Time Build Order
Export as new Build Order

Zanster Zerg - Winner!

Build Orders: Hatch First 

Get SALT Encoding   

  12  0:00  Drone  
  13  0:12  Overlord  
  13  0:16  Drone  
  14  0:30  Drone x2  
  14  0:34  Drone  
  17  0:53  Drone, Hatchery  
  17  0:57  Drone  
  18  1:07  Extractor  
  17  1:12  Spawning Pool  
  17  1:16  Drone  
  17  1:19  Drone  
  18  1:28  Drone  
  19  1:41  Overlord  
  19  1:52  Drone  
  20  1:59  Queen  
  22  2:02  Zergling x2  
  22  2:05  Queen  
  22  2:06  Zergling x2  
  22  2:08  Metabolic Boost  
  26  2:12  Drone  
  27  2:17  Drone  
  27  2:21  Drone  
  29  2:28  Drone  
  30  2:36  Drone, Hatchery  
  30  2:38  Drone  
  31  2:45  Queen  
  31  2:47  Zergling x2  
  31  2:50  Zergling x2  
  35  2:54  Overlord  
  35  2:59  Zergling x2  
  37  3:12  Zergling x2  
  37  3:13  Zergling x8  
  37  3:14  Zergling x4  
  43  3:22  Overlord, Baneling Nest  
  43  3:25  Zergling x2  
  40  3:27  Zergling x2  
  40  3:30  Zergling x2  
  40  3:45  Drone  
  40  3:46  Drone x6  
  47  3:49  Drone  
  48  4:03  Overlord  
  48  4:05  Baneling  
  48  4:06  Baneling, Zergling x4  
  52  4:19  Zergling x10  
  52  4:21  Baneling x2  
  57  4:25  Overlord  
  55  4:45  Zergling x18  
  57  4:51  Hatchery  
  53  4:58  Zergling x4  
  49  5:07  Zergling x4  
  49  5:11  Baneling  
  49  5:12  Baneling x3  
  50  5:16  Baneling  
  50  5:17  Baneling  
  50  5:18  Zergling x10  
  55  5:24  Queen  
  55  5:27  Baneling  
  55  5:28  Baneling  
  55  5:30  Baneling x2  
  55  5:33  Zergling x4  
  52  5:44  Zergling x16  
  58  5:52  Hatchery  
  55  6:00  Baneling x3  
  55  6:05  Zergling x8  
  59  6:12  Hatchery  
  59  6:14  Drone x4  
  53  6:29  Zergling x2  
  53  6:30  Zergling x2  
  47  6:36  Zergling x4  
  47  6:37  Queen  
  50  6:43  Zergling x6  
  50  6:44  Baneling x3  
  53  6:47  Queen  
  53  6:50  Zergling x4  
  56  6:59  Evolution Chamber  
  55  7:04  Baneling  
  55  7:05  Baneling x3  
  55  7:08  Zergling x12  
  58  7:16  Zergling x2  
  58  7:17  Zergling x6  
  56  7:25  Zergling x4  
  57  7:32  Queen  
  57  7:33  Queen x2  
  62  7:38  Baneling x3  
  62  7:39  Baneling  
  62  7:42  Drone  
  62  7:43  Drone x8  
  71  7:59  Zergling x14  
  71  8:04  Baneling  
  78  8:06  Drone x2  
  78  8:11  Extractor  
  76  8:13  Zergling x10  
  72  8:26  Zergling x14  
  65  8:40  Zergling x14  
  69  8:49  Zerg Melee Weapons Level 1  
  69  8:50  Drone  
  69  8:51  Drone x6  
  69  8:55  Baneling x3  
  76  8:57  Drone  
  76  9:00  Overlord  
  76  9:01  Drone  
  78  9:05  Drone  
  78  9:10  Drone  
  78  9:12  Overlord  
  68  9:25  Zergling x6  
  68  9:26  Zergling x16  
  72  9:37  Drone x2  
  72  9:38  Drone x6  
  80  9:46  Drone x6  
  80  9:50  Lair  
  80  9:51  Drone  
  87  9:54  Extractor  
  87  9:57  Drone  
  87  9:58  Drone  
  87  9:59  Drone  
  89  10:07  Zergling x14  
  89  10:11  Overlord x2  
  89  10:12  Overlord  
  96  10:19  Extractor  
  95  10:22  Zergling x2  
  95  10:23  Overlord  
  96  10:28  Extractor  
  96  10:30  Extractor  
  96  10:31  Zergling x16  
  96  10:34  Zergling x6  
  104  10:38  Zergling x2  
  104  10:39  Hatchery, Zergling x4  
  104  10:41  Overlord  
  106  10:46  Zergling x2  
  106  10:47  Zergling x4  
  108  10:50  Zerg Ground Armor Level 1  
  105  11:02  Spire, Zergling x20  
  114  11:06  Zergling x2  
  114  11:07  Zergling x6  
  114  11:10  Overlord  
  118  11:16  Zergling x8  
  121  11:20  Zergling x2  
  121  11:21  Zergling x4  
  122  11:33  Zergling x20  
  122  11:37  Overlord  
  132  11:45  Baneling x7  
  132  11:46  Baneling x2  
  128  11:55  Baneling x8  
  128  11:56  Baneling x11  
  128  11:57  Zergling x4  
  117  12:04  Zergling x6  
  106  12:12  Zergling x8  
  106  12:13  Zergling x2  
  107  12:20  Mutalisk x2  
  96  12:24  Mutalisk  
  81  12:30  Mutalisk  
  81  12:36  Zergling x14  
  85  12:45  Mutalisk x2  
  85  12:49  Zergling x12  
  93  13:00  Zergling x16  
  98  13:07  Zergling x10  
  98  13:09  Baneling x4  
  103  13:16  Mutalisk x2  
  104  13:24  Mutalisk  
  97  13:29  Zergling x2  
  97  13:30  Zergling x14  
  99  13:37  Drone x5  
  102  13:43  Mutalisk  
  102  13:44  Mutalisk  
  106  13:52  Mutalisk  
  106  13:55  Drone x7  
  115  14:02  Zergling x6  
  118  14:04  Baneling x2  
  114  14:18  Zergling x2  
  114  14:19  Zergling x18  
  124  14:29  Mutalisk  
  124  14:33  Zergling x2  
  124  14:34  Zergling x18  
  123  15:00  Hatchery  
Tags
 
Add a new tag
Caveats
  • Supply blocks, unpowered buildings, or Contaminate may cause inaccurate times.
  • Supply counts are checked every 10 seconds.